TOP OF THE 1ST |
University of Illinois Fighting Illini batting - Pitching for Pennsylvania State University Nittany Lions : LHP Jeremy Bravo
|
Pitching: LHP Jeremy Bravo
|
|
Batting: LHB Alex Ramos
|
0-0: Ball 1-0: SINGLE (Groundball, 34S, EV 65.6 MPH) (infield hit)
|
Batting: SHB Josh Thomson
|
0-0: SINGLE (Groundball, 6MD, EV 97.5 MPH) (infield hit) Alex Ramos to second
|
Batting: RHB Qian Tai
|
0-0: Swinging Strike 0-1: Foul Ball, location: 2F 0-2: Strikes out swinging
|
Batting: RHB Caleb Dean
|
0-0: Foul Ball, location: 2F 0-1: Foul Ball, location: 2F 0-2: Ball 1-2: Ball 2-2: Fly out, F7 (Flyball, 7S, EV 85.0 MPH)
|
Batting: SHB Adonis Jones
|
0-0: Ball 1-0: Fielders Choice at 2nd, 5-4 (Groundball, 56, EV 78.1 MPH)
|
Top of the 1st over - 0 runs, 2 hits, 0 errors, 2 left on base; University of Illinois 0 - Pennsylvania State University 0 |
BOTTOM OF THE 1ST |
Pennsylvania State University Nittany Lions batting - Pitching for University of Illinois Fighting Illini : RHP Nick Rutscher
|
Pitching: RHP Nick Rutscher
|
|
Batting: RHB Jesse Bandt
|
0-0: Ground out 6-3 (Groundball, 6, EV 99.4 MPH)
|
Batting: RHB Pete Martin
|
0-0: Ball 1-0: Swinging Strike 1-1: Foul Ball, location: 2F 1-2: Ball 2-2: Foul Ball, location: 2F 2-2: Ground out 6-3 (Groundball, 6, EV 83.1 MPH)
|
Batting: RHB Josh Ebeling
|
0-0: Ball 1-0: Ball 2-0: Foul Ball, location: 2F 2-1: Foul Ball, location: 2F 2-2: Ball 3-2: Ground out 6-3 (Groundball, 6, EV 78.1 MPH)
|
Bottom of the 1st over - 0 runs, 0 hits, 0 errors, 0 left on base; University of Illinois 0 - Pennsylvania State University 0 |
TOP OF THE 2ND |
University of Illinois Fighting Illini batting - Pitching for Pennsylvania State University Nittany Lions : LHP Jeremy Bravo
|
Batting: RHB Arnold Schuler
|
0-0: Ball 1-0: Called Strike 1-1: Ball 2-1: Fly out, F9 (Flyball, 89S, EV 81.9 MPH)
|
Batting: RHB Edwardo Tanchez
|
0-0: Called Strike 0-1: Ball 1-1: Foul Ball, location: 2F 1-2: Ground out 5-3 (Groundball, 5, EV 80.0 MPH)
|
Batting: RHB Bobby Raya
|
0-0: Ball 1-0: Ball 2-0: Ball 3-0: Called Strike 3-1: Called Strike 3-2: Foul Ball, location: 2F 3-2: Fly out, F8 (Flyball, 8RD, EV 108.1 MPH)
|
Top of the 2nd over - 0 runs, 0 hits, 0 errors, 0 left on base; University of Illinois 0 - Pennsylvania State University 0 |
BOTTOM OF THE 2ND |
Pennsylvania State University Nittany Lions batting - Pitching for University of Illinois Fighting Illini : RHP Nick Rutscher
|
Batting: RHB Rob Hinojosa
|
0-0: Ground out 5-3 (Groundball, 56, EV 90.6 MPH)
|
Batting: RHB Victor Victorino
|
0-0: Foul Ball, location: 2F 0-1: Ball 1-1: Called Strike 1-2: Ball 2-2: Foul Ball, location: 2F 2-2: Ball 3-2: Strikes out swinging
|
Batting: RHB Joe Strachan
|
0-0: Ball 1-0: Foul Ball, location: 2F 1-1: Swinging Strike 1-2: Foul Ball, location: 2F 1-2: Ball 2-2: Ball 3-2: DOUBLE (Groundball, 5L, EV 100.6 MPH)
|
Batting: RHB Kevin Claus
|
0-0: Called Strike 0-1: Ball 1-1: Ball 2-1: Ball 3-1: Foul Ball, location: 2F 3-2: Ground out 6-3 (Groundball, 6, EV 81.2 MPH)
|
Bottom of the 2nd over - 0 runs, 1 hit, 0 errors, 1 left on base; University of Illinois 0 - Pennsylvania State University 0 |
TOP OF THE 3RD |
University of Illinois Fighting Illini batting - Pitching for Pennsylvania State University Nittany Lions : LHP Jeremy Bravo
|
Batting: RHB Kyle Verkamp
|
0-0: Ball 1-0: Ground out 4-3 (Groundball, 4, EV 93.1 MPH)
|
Batting: LHB Alex Ramos
|
0-0: SINGLE (Groundball, 15S, EV 69.4 MPH) (infield hit)
|
Batting: SHB Josh Thomson
|
0-0: Fielders Choice at 2nd, 6-4 (Groundball, 6, EV 85.6 MPH)
|
Batting: RHB Qian Tai
|
0-0: Ball Josh Thomson steals 2nd base 1-0: SINGLE (Groundball, 4MD, EV 108.1 MPH) Josh Thomson to third Runner from 3rd tries for Home, SAFE, throw by CF to home
|
Batting: RHB Caleb Dean
|
0-0: Ball 1-0: Ball 2-0: Swinging Strike 2-1: Foul Ball, location: 2F 2-2: Foul Ball, location: 2F 2-2: Strikes out swinging
|
Top of the 3rd over - 1 run, 2 hits, 0 errors, 1 left on base; University of Illinois 1 - Pennsylvania State University 0 |
BOTTOM OF THE 3RD |
Pennsylvania State University Nittany Lions batting - Pitching for University of Illinois Fighting Illini : RHP Nick Rutscher
|
Batting: RHB James Steinmetz
|
0-0: Called Strike 0-1: Ball 1-1: Ball 2-1: Ball 3-1: Called Strike 3-2: Ground out 5-3 (Groundball, 56, EV 77.5 MPH)
|
Batting: RHB Pat Betancourt
|
0-0: SOLO HOME RUN (Flyball, 78XD, EV 108.1 MPH), Distance : 418 ft
|
Batting: RHB Jesse Bandt
|
0-0: Ball 1-0: Called Strike 1-1: Ball 2-1: Fly out, F4 (Popup, 13, EV 77.5 MPH)
|
Batting: RHB Pete Martin
|
0-0: Called Strike 0-1: Ball 1-1: Ball 2-1: SOLO HOME RUN (Line Drive, 7LD, EV 97.5 MPH), Distance : 345 ft
|
Batting: RHB Josh Ebeling
|
0-0: Called Strike 0-1: Ball 1-1: Foul Ball, location: 2F 1-2: Ball 2-2: Ball 3-2: SINGLE (Groundball, 56D, EV 106.2 MPH)
|
Batting: RHB Rob Hinojosa
|
0-0: Called Strike 0-1: Swinging Strike 0-2: Fielders Choice at 2nd, 6-4 (Groundball, 6, EV 103.1 MPH)
|
Bottom of the 3rd over - 2 runs, 3 hits, 0 errors, 1 left on base; University of Illinois 1 - Pennsylvania State University 2 |
TOP OF THE 4TH |
University of Illinois Fighting Illini batting - Pitching for Pennsylvania State University Nittany Lions : LHP Jeremy Bravo
|
Batting: SHB Adonis Jones
|
0-0: Swinging Strike 0-1: Swinging Strike 0-2: Ball 1-2: Foul Ball, location: 2F 1-2: Strikes out looking
|
Batting: RHB Arnold Schuler
|
0-0: Called Strike 0-1: Ball 1-1: Ball 2-1: Swinging Strike 2-2: Ground out 6-3 (Groundball, 6, EV 106.9 MPH)
|
Batting: RHB Edwardo Tanchez
|
0-0: Called Strike 0-1: Swinging Strike 0-2: Ball 1-2: Strikes out looking
|
Top of the 4th over - 0 runs, 0 hits, 0 errors, 0 left on base; University of Illinois 1 - Pennsylvania State University 2 |
BOTTOM OF THE 4TH |
Pennsylvania State University Nittany Lions batting - Pitching for University of Illinois Fighting Illini : RHP Nick Rutscher
|
Batting: RHB Victor Victorino
|
0-0: Swinging Strike 0-1: Ball 1-1: Ball 2-1: Ball 3-1: Base on Balls
|
Batting: RHB Joe Strachan
|
0-0: Ball 1-0: Called Strike 1-1: Ball 2-1: Ball 3-1: 2-RUN HOME RUN (Flyball, 78XD, EV 108.8 MPH), Distance : 430 ft
|
Batting: RHB Kevin Claus
|
0-0: Ball 1-0: Ball 2-0: Ball 3-0: Called Strike 3-1: Fly out, F7 (Line Drive, 7, EV 93.8 MPH)
|
Batting: RHB James Steinmetz
|
0-0: Foul Ball, location: 2F 0-1: Ball 1-1: Ball 2-1: Called Strike 2-2: Strikes out swinging
|
Batting: RHB Pat Betancourt
|
0-0: Ball 1-0: Foul Ball, location: 2F 1-1: Ball 2-1: Ball 3-1: Base on Balls
|
Pitching: RHP Jose Ramirez
|
|
Batting: RHB Jesse Bandt
|
0-0: Ball 1-0: Fly out, F8 (Flyball, 8RD, EV 98.1 MPH)
|
Bottom of the 4th over - 2 runs, 1 hit, 0 errors, 1 left on base; University of Illinois 1 - Pennsylvania State University 4 |
TOP OF THE 5TH |
University of Illinois Fighting Illini batting - Pitching for Pennsylvania State University Nittany Lions : LHP Jeremy Bravo
|
Batting: RHB Bobby Raya
|
0-0: Swinging Strike 0-1: SINGLE (Line Drive, 7LS, EV 105.0 MPH)
|
Batting: RHB Kyle Verkamp
|
0-0: Ball 1-0: Ball 2-0: 2-RUN HOME RUN (Flyball, 7D, EV 103.8 MPH), Distance : 381 ft
|
Batting: LHB Alex Ramos
|
0-0: Ball 1-0: Ball 2-0: Foul Ball, location: 2F 2-1: Fly out, F4 (Line Drive, 4, EV 72.5 MPH)
|
Batting: SHB Josh Thomson
|
0-0: Called Strike 0-1: Ball 1-1: Foul Ball, location: 2F 1-2: SINGLE (Line Drive, 5D, EV 97.5 MPH)
|
Batting: RHB Qian Tai
|
0-0: Ball 1-0: Foul Ball, location: 2F 1-1: Called Strike 1-2: Fly out, F7 (Flyball, 7, EV 93.1 MPH)
|
Batting: RHB Caleb Dean
|
0-0: Ball 1-0: Fly out, F8 (Flyball, 8LM, EV 92.5 MPH)
|
Top of the 5th over - 2 runs, 3 hits, 0 errors, 1 left on base; University of Illinois 3 - Pennsylvania State University 4 |
BOTTOM OF THE 5TH |
Pennsylvania State University Nittany Lions batting - Pitching for University of Illinois Fighting Illini : RHP Jose Ramirez
|
Batting: RHB Pete Martin
|
0-0: Ball 1-0: Called Strike 1-1: Fly out, F9 (Line Drive, 9LM, EV 86.9 MPH)
|
Batting: RHB Josh Ebeling
|
0-0: Fly out, F9 (Flyball, 9LD, EV 106.2 MPH)
|
Batting: RHB Rob Hinojosa
|
0-0: Ball 1-0: SOLO HOME RUN (Flyball, 78XD, EV 103.8 MPH), Distance : 413 ft
|
Batting: RHB Victor Victorino
|
0-0: Swinging Strike 0-1: Swinging Strike 0-2: Ball 1-2: SINGLE (Flyball, 6D, EV 95.0 MPH)
|
Batting: RHB Joe Strachan
|
0-0: Called Strike 0-1: Ball 1-1: Ball 2-1: Ball 3-1: Base on Balls Victor Victorino to second
|
Batting: RHB Kevin Claus
|
0-0: Called Strike 0-1: Ball 1-1: Ball 2-1: Foul Ball, location: 2F 2-2: Strikes out looking
|
Bottom of the 5th over - 1 run, 2 hits, 0 errors, 2 left on base; University of Illinois 3 - Pennsylvania State University 5 |
TOP OF THE 6TH |
University of Illinois Fighting Illini batting - Pitching for Pennsylvania State University Nittany Lions : LHP Jeremy Bravo
|
Batting: SHB Adonis Jones
|
0-0: Ball 1-0: Foul Ball, location: 2F 1-1: Ball 2-1: Fly out, F8 (Flyball, 8LD, EV 98.8 MPH)
|
Batting: RHB Arnold Schuler
|
0-0: Ball 1-0: Ground out 4-3 (Groundball, 4, EV 78.8 MPH)
|
Batting: RHB Edwardo Tanchez
|
0-0: Ball 1-0: Foul Ball, location: 2F 1-1: Foul Ball, location: 2F 1-2: DOUBLE (Flyball, 8LD, EV 105.0 MPH)
|
Pitching: RHP Hector Guzman
|
|
Pinch Hitting: LHB Antonio Sandoval
|
0-0: SINGLE (Line Drive, 78S, EV 95.0 MPH) Edwardo Tanchez to third Runner from 3rd tries for Home, SAFE, throw by CF to home
|
Now in CF: Perry Brantley
|
|
Pinch Hitting: RHB Lance Borgen
|
0-0: Ball 1-0: Fly out, F8 (Flyball, 8RD, EV 108.8 MPH)
|
Top of the 6th over - 1 run, 2 hits, 0 errors, 1 left on base; University of Illinois 4 - Pennsylvania State University 5 |
BOTTOM OF THE 6TH |
Pennsylvania State University Nittany Lions batting - Pitching for University of Illinois Fighting Illini : RHP Jose Ramirez
|
Now at 3B: Lance Borgen
|
|
Now in RF: Salvador Ramos
|
|
Batting: RHB James Steinmetz
|
0-0: Swinging Strike 0-1: Ball 1-1: Ball 2-1: Ball 3-1: Foul Ball, location: 2F 3-2: Foul Ball, location: 2F 3-2: Ground out 6-3 (Groundball, 6, EV 105.6 MPH)
|
Batting: RHB Pat Betancourt
|
0-0: Ground out 6-3 (Groundball, 6, EV 97.5 MPH)
|
Batting: RHB Perry Brantley
|
0-0: Called Strike 0-1: Ground out 6-3 (Groundball, 56, EV 86.2 MPH)
|
Bottom of the 6th over - 0 runs, 0 hits, 0 errors, 0 left on base; University of Illinois 4 - Pennsylvania State University 5 |
TOP OF THE 7TH |
University of Illinois Fighting Illini batting - Pitching for Pennsylvania State University Nittany Lions : RHP Hector Guzman
|
Batting: LHB Alex Ramos
|
0-0: Swinging Strike 0-1: Ball 1-1: Fly out, F8 (Flyball, 8RM, EV 88.1 MPH)
|
Batting: SHB Josh Thomson
|
0-0: Foul Ball, location: 2F 0-1: Swinging Strike 0-2: Foul Ball, location: 2F 0-2: Strikes out swinging
|
Batting: RHB Qian Tai
|
0-0: Foul Ball, location: 2F 0-1: Foul Ball, location: 2F 0-2: Ball 1-2: Strikes out swinging
|
Top of the 7th over - 0 runs, 0 hits, 0 errors, 0 left on base; University of Illinois 4 - Pennsylvania State University 5 |
BOTTOM OF THE 7TH |
Pennsylvania State University Nittany Lions batting - Pitching for University of Illinois Fighting Illini : RHP Jose Ramirez
|
Pitching: RHP Steve Powell
|
|
Batting: RHB Pete Martin
|
0-0: Fly out, F9 (Flyball, 9, EV 83.1 MPH)
|
Batting: RHB Josh Ebeling
|
0-0: Ball 1-0: Ball 2-0: Foul Ball, location: 2F 2-1: Foul Ball, location: 2F 2-2: Ball 3-2: Foul Ball, location: 2F 3-2: Base on Balls
|
Batting: RHB Rob Hinojosa
|
0-0: Ground out 5-3 (Groundball, 56S, EV 75.0 MPH) Josh Ebeling to second
|
Batting: RHB Victor Victorino
|
0-0: Ball 1-0: Ball 2-0: Fly out, F7 (Line Drive, 7, EV 96.9 MPH)
|
Bottom of the 7th over - 0 runs, 0 hits, 0 errors, 1 left on base; University of Illinois 4 - Pennsylvania State University 5 |
TOP OF THE 8TH |
University of Illinois Fighting Illini batting - Pitching for Pennsylvania State University Nittany Lions : RHP Hector Guzman
|
Batting: SHB Dan Strickland
|
0-0: Called Strike 0-1: Fly out, F9 (Line Drive, 89M, EV 103.8 MPH)
|
Batting: SHB Adonis Jones
|
0-0: Foul Ball, location: 2F 0-1: Ball 1-1: Ball 2-1: Ball 3-1: Called Strike 3-2: Ground out 4-3 (Groundball, 34, EV 81.2 MPH)
|
Batting: RHB Arnold Schuler
|
0-0: Ground out 6-3 (Groundball, 56, EV 81.2 MPH)
|
Top of the 8th over - 0 runs, 0 hits, 0 errors, 0 left on base; University of Illinois 4 - Pennsylvania State University 5 |
BOTTOM OF THE 8TH |
Pennsylvania State University Nittany Lions batting - Pitching for University of Illinois Fighting Illini : RHP Steve Powell
|
Pitching: RHP Juan Velazquez
|
|
Batting: RHB Joe Strachan
|
0-0: Ball 1-0: Foul Ball, location: 2F 1-1: Foul Ball, location: 2F 1-2: Ground out 6-3 (Groundball, 6S, EV 86.9 MPH)
|
Batting: RHB Kevin Claus
|
0-0: Called Strike 0-1: Ball 1-1: Ball 2-1: Ball 3-1: Base on Balls
|
Batting: RHB James Steinmetz
|
0-0: Ball 1-0: Ball 2-0: Fly out, F7 (Flyball, 78S, EV 90.0 MPH)
|
Batting: RHB Pat Betancourt
|
0-0: Called Strike 0-1: Called Strike 0-2: Ball 1-2: Foul Ball, location: 2F 1-2: Ball 2-2: Ground out 1-3 (Groundball, 13S, EV 68.1 MPH)
|
Bottom of the 8th over - 0 runs, 0 hits, 0 errors, 1 left on base; University of Illinois 4 - Pennsylvania State University 5 |
TOP OF THE 9TH |
University of Illinois Fighting Illini batting - Pitching for Pennsylvania State University Nittany Lions : RHP Hector Guzman
|
Pitching: RHP Preki Nedic
|
|
Pinch Hitting: LHB Alex Rivera
|
0-0: Called Strike 0-1: Foul Ball, location: 2F 0-2: Ball 1-2: SINGLE (Groundball, 4M, EV 85.0 MPH) (infield hit)
|
Batting: LHB Salvador Ramos
|
0-0: Ball 1-0: Called Strike 1-1: Sac Bunt to 5S - play at first, batter OUT! 5-3 Alex Rivera to second
|
Batting: RHB Lance Borgen
|
0-0: Swinging Strike 0-1: Ball 1-1: Called Strike 1-2: Strikes out swinging
|
Batting: LHB Alex Ramos
|
0-0: Ball 1-0: Foul Ball, location: 2F 1-1: Ground out 1-3 (Groundball, 13S, EV 65.0 MPH)
|
Top of the 9th over - 0 runs, 1 hit, 0 errors, 1 left on base; University of Illinois 4 - Pennsylvania State University 5 |
|